 Dungeon Crawl Stone Soup version 0.26-a0-667-g92642533e4 (webtiles) character file.

Game seed: 914245157734421525

20 Gargoyl the Skirmisher (level 2, 0/29 HPs)
             Began as a Gnoll Abyssal Knight on Oct 18, 2020.
             Was a Follower of Lugonu.
             Slain by a kobold
             ... wielding a +0 whip
              (2 damage)
             ... on level 1 of the Dungeon.
             The game lasted 00:01:34 (703 turns).

Gargoyl the Skirmisher (Gnoll Abyssal Knight)        Turns: 703, Time: 00:01:35

Health: 0/29       AC:  3    Str: 14    XL:     2   Next: 79%
Magic:  5/5        EV: 13    Int: 14    God:    Lugonu [*.....]
Gold:   47         SH:  0    Dex: 16    Spells: 2/2 levels left

rFire    . . .     SeeInvis .   d - +3 lajatang of Light {vorpal, Dex+2}
rCold    . . .     Faith    .   (shield currently unavailable)
rNeg     . . .     Spirit   .   b - +0 leather armour
rPois    +         Reflect  .   (no helmet)
rElec    .         Harm     .   (no cloak)
rCorr    .         Rampage  .   (no gloves)
MR       .....                  (no boots)
Stlth    +.........             (no amulet)
HPRegen  0.09/turn              f - ring of poison resistance
MPRegen  0.09/turn              (no ring)

@: flying (expiring)
A: distributed training, fangs 1, strong nose
a: Depart the Abyss, Renounce Religion


You were on level 1 of the Dungeon.
You worshipped Lugonu.
Lugonu was aware of your devotion.
You visited 1 branch of the dungeon, and saw 2 of its levels.
You visited the Abyss 1 time.

You collected 47 gold pieces.

Inventory:

Hand Weapons
 a - a +1 hand axe
 d - the +3 lajatang of Light (weapon) {vorpal, Dex+2}
   (You found it on level 3 of the Abyss)

   It inflicts extra damage upon your enemies.
   It affects your dexterity (+2).
Missiles
 c - 3 boomerangs (quivered)
Armour
 b - a +0 leather armour (worn)
Jewellery
 f - a ring of poison resistance (left hand)


   Skills:
 + Level 6.5 Fighting
 + Level 0.5 Short Blades
 + Level 0.5 Long Blades
 + Level 4.5 Axes
 + Level 0.5 Maces & Flails
 + Level 0.5 Polearms
 + Level 0.5 Staves
 + Level 0.5 Slings
 + Level 0.5 Bows
 + Level 0.5 Crossbows
 + Level 0.5 Throwing
 + Level 4.5 Armour
 + Level 2.5 Dodging
 + Level 0.5 Stealth
 + Level 0.5 Shields
 + Level 0.5 Unarmed Combat
 + Level 0.5 Spellcasting
 + Level 0.3 Conjurations
 + Level 0.3 Hexes
 + Level 0.3 Summonings
 + Level 0.3 Necromancy
 + Level 0.3 Translocations
 + Level 0.3 Transmutations
 + Level 0.3 Fire Magic
 + Level 0.3 Ice Magic
 + Level 0.3 Air Magic
 + Level 0.3 Earth Magic
 + Level 0.3 Poison Magic
 + Level 4.5 Invocations
 + Level 0.5 Evocations


You had 2 spell levels left.
You didn't know any spells.
Your spell library was empty.

Dungeon Overview and Level Annotations

Branches:
Dungeon (2/15)

Altars:


Innate Abilities, Weirdness & Mutations

Your experience applies equally to all skills.
You have very sharp teeth.
Your uncanny sense of smell can sniff out nearby items.


Message History

You feel very buoyant.
You fly up into the air.
The frilled lizard hisses angrily.
The kobold hits you with a +0 whip.
* * * LOW HITPOINT WARNING * * *
Unknown command.
The hobgoblin zaps a wand.
The puff of flame misses you.
You aren't carrying any potions.
Found 21 gold pieces.
There is a stone staircase leading up here.
The kobold hits you with a +0 whip.
* * * LOW HITPOINT WARNING * * *
You fly upwards.
There is a stone staircase leading down here.
You barely miss the kobold. The kobold hits you with a +0 whip.
* * * LOW HITPOINT WARNING * * *
You closely miss the kobold.
You are starting to lose your buoyancy.
The kobold hits you with a +0 whip.
You die...

########
#########....K@#
###....P.##......#
#..P.)♣P..#......#
#P♣P♣♣.♣.P#.....>#
.♣.♣.♣P.P........#
.♣♣.P.(####......#
.P♣P....#..^.....#
..P♣.............#
.♣♣P.....##....♣♣♣♣♣♣##


You could see a kobold.

Vanquished Creatures
  A dart slug (D:1)
  5 goblins (D:1)
  4 hobgoblins
  4 bats
  A frilled lizard (D:1)
  3 kobolds (D:1)
  A rat (D:2)
19 creatures vanquished.

Vanquished Creatures (others)
  4 starspawn tentacles (Abyss:3)
4 creatures vanquished.

Grand Total: 23 creatures vanquished

Notes
Turn   | Place    | Note
-------+----------+-------------------------------------------
     0 | Abyss:1  | Gargoyl the Gnoll Abyssal Knight began the quest for the
                  | Orb.
     0 | Abyss:1  | Reached XP level 1. HP: 23/23 MP: 3/3
    66 | Abyss:3  | Noticed a tentacled starspawn
    80 | Abyss:3  | Got a faintly glowing lajatang
    81 | D:1      | Escaped the Abyss
    82 | D:1      | Identified the +3 lajatang of Light {vorpal, Dex+2} (You
                  | found it on level 3 of the Abyss)
   161 | D:1      | Reached * piety under Lugonu
   194 | D:1      | Reached XP level 2. HP: 29/29 MP: 5/5
   703 | D:1      | Slain by a kobold

Illustrated notes

Levels and vault maps discovered:
D:1:      grunt_arrival_crossed_arrows, layout_rooms, serial_forest,
          infiniplex_forest_straight_2, infiniplex_forest_lined_room_2,
          infiniplex_forest_clump_curved, infiniplex_forest_straight_2,
          infiniplex_forest_lined_room_2
D:2:      minmay_kobold_bridge, layout_rooms,
          chequers_ecumenical_altar_simple_redux, minmay_tall_x

Action                   || total
-------------------------++-------
Melee: Lajatang          ||    28
       Bite              ||     3
Invok: Depart the Abyss  ||     1
  Use: Scroll            ||     3
       Potion            ||     1
 Stab: Sleeping          ||     1
Armor: Leather armour    ||    13
Dodge: Dodged            ||    39

Table legend: (Time is in decaauts)
 A = Elapsed time spent in this place.
 B = Non-inter-level travel time spent in this place.
 C = Inter-level travel time spent in this place.
 D = Time resting spent in this place.
 E = Time spent auto-exploring this place.
 F = Levels seen in this place.
 G = Mean time per level.
                   A        B        C        D        E       F      G
               +--------+--------+--------+--------+--------+-----+--------+
         Total |    711 |    663 |     48 |      0 |    469 |   5 |  142.2 |
       Dungeon |    631 |    583 |     48 |      0 |    429 |   2 |  315.5 |
         Abyss |     80 |     80 |      0 |      0 |     40 |   3 |   26.7 |
               +--------+--------+--------+--------+--------+-----+--------+

Top non-repeatable levels by time:
     D:1: 553 daAuts
     D:2: 78 daAuts
 Abyss:1: 35 daAuts
 Abyss:2: 23 daAuts
 Abyss:3: 21 daAuts
